 Dungeon Crawl Stone Soup version 0.23-a0-422-g30b1108 (webtiles) character file.

1501 kidcy the Poker (level 9, -4/68 HPs)
             Began as a Formicid Fighter on Nov 14, 2018.
             Was a Follower of Makhleb.
             Slain by a killer bee (5 damage)
             ... on level 6 of the Dungeon.
             The game lasted 00:08:29 (6092 turns).

kidcy the Poker (Formicid Fighter)                  Turns: 6092, Time: 00:08:29

Health: -4/68      AC:  7    Str: 30    XL:     9   Next: 8%
Magic:  13/13      EV:  9    Int:  7    God:    Makhleb [*.....]
Gold:   304        SH: 12    Dex: 10    Spells: 8/8 levels left

rFire    . . .     SeeInvis +   y - +3 trident (holy)
rCold    . . .     Gourm    .   c - +1 shield
rNeg     . . .     Faith    .   b - +0 scale mail
rPois    .         Spirit   .   (helmet unavailable)
rElec    .         Reflect  .   (no cloak)
rCorr    .         Harm     .   (no gloves)
MR       .....                  (no boots)
Stlth    ..........             (no amulet)
HPRegen  0.21/turn              (no ring)
MPRegen  0.13/turn              (no ring)

@: mighty, lethally poisoned (-4 -> -12)
A: permanent stasis, dig shafts and tunnels, four strong arms, antennae 3
a: Dig, Shaft Self, Renounce Religion


You were on level 6 of the Dungeon.
You worshipped Makhleb.
Makhleb was aware of your devotion.
You were hungry.

You visited 1 branch of the dungeon, and saw 7 of its levels.

You collected 304 gold pieces.

Inventory:

Hand Weapons
 a - a +1 trident
 y - a +3 trident of holy wrath (weapon)
Armour
 b - a +0 scale mail (worn)
 c - a +1 shield (worn)
Jewellery
 h - an uncursed ring of protection from cold {unknown}
 v - an uncursed ring of see invisible {unknown}
Wands
 n - a wand of paralysis (6)
 u - a wand of random effects (7)
Scrolls
 e - 5 scrolls of remove curse
 g - 3 scrolls of identify
 j - 2 scrolls of fog
 k - 2 scrolls of fear
 p - 2 scrolls of teleportation
 t - a scroll of magic mapping
 w - a scroll of enchant weapon
Potions
 l - 2 potions of flight
 m - 2 potions of brilliance
 o - a potion of haste
 q - a potion of agility
 r - a potion of resistance {unknown}
 x - 3 potions of ambrosia {unknown}
Comestibles
 f - 8 rations


   Skills:
 + Level 5.5 Fighting
 * Level 6.2 Polearms
 + Level 5.6 Armour
 + Level 6.1 Shields
 * Level 6.0 Invocations


You had 8 spell levels left.
You didn't know any spells.
Your spell library contained the following spells:

 Spells                   Type           Power        Failure   Level  Hunger
 Sandblast                Erth           #.....       86%         1    ##.....
 Passwall                 Tmut/Erth      #.......     95%         2    ###....
 Stone Arrow              Conj/Erth      #.....       99%         3    ####...
 Petrify                  Tmut/Erth      #.......     100%        4    #####..
 Lee's Rapid Deconstruct  Erth           #.........   100%        5    ######.


Dungeon Overview and Level Annotations

Branches:
Dungeon (7/15)
 Temple: D:4-7

Altars:
Ashenzari
Cheibriados
Fedhas
Gozag
Hepliaklqana
Kikubaaqudgha
Makhleb
Ru
Sif Muna
Uskayaw
Vehumet
Xom

Annotations:
D:6 3 runed doors, Tovarisch's ghost, novice DDNe


Innate Abilities, Weirdness & Mutations

You cannot be hasted, slowed, berserked, paralysed or teleported.
You can dig through walls and to a lower floor.
Your four strong arms can wield two-handed weapons with a shield.
You have a pair of large antennae on your head. (SInv)


Message History

You puncture the killer bee!
You kill the killer bee!
Makhleb accepts your kill.
You feel sick. The killer bee barely misses you.
You block the killer bee's attack.
You miss the killer bee.
You feel sick. You block the killer bee's attack.
You closely miss the killer bee.
You feel sick. The killer bee stings you.
* * * LOW HITPOINT WARNING * * *
The killer bee closely misses you.
You puncture the killer bee!
The killer bee is severely wounded.
You block the killer bee's attack. The killer bee stings you.
* * * LOW HITPOINT WARNING * * *
You are more poisoned.
The killer bee poisons you!
You miss the killer bee.
The killer bee is heavily wounded.
* * * LOW HITPOINT WARNING * * *
You feel sick. The killer bee stings you.
You die...

#### ##...
######## ##.###
#......### ##.## #
#.###....# #.##
#.# #..#.###.# #y#
#........## #@#
#.##.####.## # #.#
#.##.# #..### #.#
#....# #..... #.#
###### ##.### #.#
##'## #.# ##...##
#.##########.....#
#.........#.......
#.#.[.###.........


You could see a killer bee.

Vanquished Creatures
  Menkaure (D:6)
  An ice beast (D:5)
  A sky beast (D:6)
  2 ogres
  2 scorpions
  2 killer bees
  5 crimson imps
  2 hounds
  5 orc priests
  4 orc wizards
  2 jellies
  An iguana (D:5)
  5 worker ants
  A worker ant zombie (D:5)
  4 gnolls (D:5)
  5 adders
  2 shadow imps
  An ooze (D:7)
  An adder skeleton (D:6)
  A worm (D:2)
  4 dart slugs
  2 leopard geckos
  7 orcs
  3 giant cockroaches
  10 goblins
  4 hobgoblins
  2 jackals (D:1)
  6 kobolds
  3 ball pythons
  A ball python skeleton (D:4)
  7 bats
  4 frilled lizards
  A leopard gecko skeleton (D:6)
  A quokka skeleton (D:2)
  5 rats
108 creatures vanquished.

Notes
Turn   | Place    | Note
-------+----------+-------------------------------------------
     0 | D:1      | kidcy the Formicid Fighter began the quest for the Orb.
     0 | D:1      | Reached XP level 1. HP: 18/18 MP: 1/1
   166 | D:1      | Reached XP level 2. HP: 20/24 MP: 2/2
   397 | D:1      | Reached XP level 3. HP: 29/29 MP: 3/3
  1175 | D:2      | Reached XP level 4. HP: 31/37 MP: 4/4
  1340 | D:2      | Found an opulent altar of Gozag.
  1579 | D:3      | Found an ancient bone altar of Kikubaaqudgha.
  1588 | D:3      | Found a radiant altar of Vehumet.
  1591 | D:3      | Found a sacrificial altar of Ru.
  1592 | D:3      | Found a blossoming altar of Fedhas.
  1595 | D:3      | Found a hide-covered altar of Uskayaw.
  1595 | D:3      | Found a deep blue altar of Sif Muna.
  1596 | D:3      | Found a burning altar of Makhleb.
  1613 | D:3      | Became a worshipper of Makhleb the Destroyer
  1638 | D:3      | Found a hazy altar of Hepliaklqana.
  2135 | D:4      | Reached skill level 1 in Invocations
  2135 | D:4      | Reached XP level 5. HP: 37/42 MP: 5/5
  2456 | D:4      | Reached XP level 6. HP: 42/48 MP: 7/7
  2563 | D:4      | Found a shattered altar of Ashenzari.
  2696 | D:4      | Found a shimmering altar of Xom.
  3013 | D:5      | Entered Level 5 of the Dungeon
  3256 | D:5      | Reached XP level 7. HP: 36/55 MP: 9/9
  3536 | D:5      | Reached skill level 5 in Shields
  3953 | D:5      | Reached XP level 8. HP: 61/61 MP: 11/11
  3986 | D:5      | Reached skill level 5 in Polearms
  4426 | D:6      | Found a snail-covered altar of Cheibriados.
  4512 | D:6      | Found a runed gate.
  4512 | D:6      | Found a runed gate.
  4512 | D:6      | Found a runed gate.
  4517 | D:6      | Noticed Tovarisch's ghost (novice DDNe)
  4601 | D:6      | Reached skill level 5 in Armour
  4605 | D:6      | Reached * piety under Makhleb
  4605 | D:6      | Reached skill level 5 in Fighting
  4725 | D:6      | Noticed Menkaure
  4737 | D:6      | Killed Menkaure
  4737 | D:6      | Reached skill level 5 in Invocations
  5716 | D:7      | Reached XP level 9. HP: 31/68 MP: 13/13
  6091 | D:6      | HP: 3/68 [killer bee (2)]
  6092 | D:6      | HP: 1/68 [poisoned by a killer bee]
  6092 | D:6      | Slain by a killer bee

Vault maps used:
D:1:      matt_arrival_spirals, minivault_19, chequers_arboretum
D:2:      grunt_gozag_statues, first_ration
D:3:      lemuel_doored_altar, grunt_temple_overflow_open
D:4:      ashenzari_altar_1, xom_teletrap_fun
D:5:      serial_rivers, chequers_serial_rivers_micro_d,
          chequers_serial_rivers_small_3, chequers_serial_rivers_micro_b,
          chequers_serial_rivers_marsh, chequers_serial_rivers_micro_a
D:6:      kennysheep_mini, gammafunk_ghost_necromancy,
          hangedman_abyss_or_decor_lesser_grid, uniq_menkaure
D:7:      temple_hall

Skill      XL: |  1  2  3  4  5  6  7  8  9 |
---------------+----------------------------+-----
Shields        | 4 5 6 |  6.1
Polearms       | 3 4 6 |  6.2
Invocations    | 1 2 3 4 5 6 |  6.0
Fighting       | 4 5 |  5.5
Armour         | 4 5 |  5.6

Action                   |  1- 3 |  4- 6 |  7- 9 || total
-------------------------+-------+-------+-------++-------
Melee: Trident           |   104 |   144 |   232 ||   480
  Use: Scroll            |       |       |    14 ||    14
       Potion            |       |       |     8 ||     8
  Eat: Chunk             |       |     5 |     1 ||     6
       Ration            |       |     1 |     2 ||     3
Armor: Scale mail        |    36 |    29 |    54 ||   119
Dodge: Dodged            |    28 |    30 |    94 ||   152
Block: Shield            |    48 |    49 |   124 ||   221

Table legend:
 A = Non-vault XP
 B = Vault XP
 C = Vault XP percentage of total XP
 D = Non-vault monster count
 E = Vault monster count
 F = Vault count percentage of total count
                 A         B        C        D         E       F
            +---------+---------+-------+---------+---------+-------
      Total |    1970 |     175 |   8.2 |     107 |       1 |   0.9
            +---------+---------+-------+---------+---------+-------
        D:1 |      44 |       0 |   0.0 |      25 |       0 |   0.0
        D:2 |      63 |       0 |   0.0 |      15 |       0 |   0.0
        D:3 |      19 |       0 |   0.0 |      10 |       0 |   0.0
        D:4 |     241 |       0 |   0.0 |      10 |       0 |   0.0
        D:5 |     757 |       0 |   0.0 |      21 |       0 |   0.0
        D:6 |     534 |     175 |  24.7 |      16 |       1 |   5.9
        D:7 |     312 |       0 |   0.0 |      10 |       0 |   0.0
            +---------+---------+-------+---------+---------+-------
